 Dungeon Crawl Stone Soup version 0.28-a0-938-gbc3f381ebc (webtiles) character file.

Game seed: 11820811565944724038

72 croobank the Poker (level 4, 0/35 HPs)
             Began as a Human Monk on Nov 29, 2021.
             Slain by a goblin (5 damage)
             ... led by Robin
             ... on level 1 of the Dungeon.
             The game lasted 00:07:33 (1851 turns).

croobank the Poker (Human Monk)                     Turns: 1851, Time: 00:07:33

Health: 0/35       AC:  2    Str: 13    XL:     4   Next: 50%
Magic:  4/4        EV: 13    Int: 10    God:
Gold:   26         SH:  0    Dex: 15    Spells: 3/3 levels left

rFire   . . .      SeeInvis .   a - +0 spear
rCold   . . .      Faith    .   (no shield)
rNeg    . . .      Spirit   .   b - +0 robe
rPois   .          Reflect  .   (no helmet)
rElec   .          Harm     .   (no cloak)
rCorr   .          Rampage  .   (no gloves)
Will    .....                   (no boots)
Stlth   ++........              (no amulet)
HPRegen 0.11/turn               (no ring)
MPRegen 0.09/turn               (no ring)

@: about to teleport
A: no striking features
a: no special abilities


You were on level 1 of the Dungeon.
You visited 1 branch of the dungeon, and saw 2 of its levels.

You collected 26 gold pieces.

Inventory:

Hand Weapons
 a - a +0 spear (weapon)
 d - a +0 short sword
 i - a +0 dagger
 k - a +0 halberd
 o - a +2 whip of freezing
Missiles
 c - 51 stones
 f - 29 sling bullets
 j - 22 arrows
 n - 6 javelins
 p - 6 boomerangs (quivered)
Armour
 b - a +0 robe (worn)
 h - a +0 ring mail
Scrolls
 g - a scroll of immolation {unknown}
 m - a scroll of teleportation
Potions
 e - 2 potions of curing {unknown}
 l - a potion of lignification {unknown}


   Skills:
 + Level 3.4 Fighting
 + Level 3.7 Polearms
 + Level 3.6 Dodging
 + Level 2.7 Stealth


You had 3 spell levels left.
You didn't know any spells.
Your spell library was empty.

Dungeon Overview and Level Annotations

Branches:
Dungeon (2/15)

Altars:

Annotations:
D:2 Robin


Message History

You hit the goblin.
The goblin is moderately wounded.
The goblin barely misses you. x2
You closely miss the goblin.
The goblin is moderately wounded.
The goblin closely misses you. The goblin completely misses you.
You hit the goblin.
You kill the goblin!
You hit the goblin.
You kill the goblin!
Items here: ))) †††.
You start resting.
Robin is nearby!
A hobgoblin comes into view.
A goblin comes into view. It is wielding a +0 dagger.
The hobgoblin shouts!
Robin shouts!
The goblin shouts!
You hear a shout! x2
Robin roars a battlecry!
The goblins go into a battle-frenzy!
A goblin comes into view. It is wielding a +0 club.
Robin throws the goblin at you! The goblin barely misses you.
There is a stone staircase leading up here.
You hit the goblin but do no damage. The goblin hits you with a +0 club.
The hobgoblin barely misses you. The goblin hits you with a +0 club.
You climb upwards.
There is a stone staircase leading down here.
You barely miss the goblin. The hobgoblin hits you. The goblin misses you.
You barely miss the goblin. The hobgoblin hits you.
The goblin closely misses you.
You barely miss the goblin. The hobgoblin misses you.
The goblin hits you with a +0 club.
You closely miss the goblin. The hobgoblin hits you.
* * * LOW HITPOINT WARNING * * *
The goblin hits you with a +0 club.
* * * LOW HITPOINT WARNING * * *
Okay, then.
As you read the scroll of teleportation, it crumbles to dust.
You feel strangely unstable. The hobgoblin hits you.
* * * LOW HITPOINT WARNING * * *
The goblin hits you with a +0 club.
You die...

#.# #.#.. #.#
######...# #.#
###...#..#.#
#.###...#.#..#.#
##.#...###.#..#.#
##....### #....#.#
#...##########.#.#
#g#.##....####.#.#
#@..).............
#g#.##....####.#÷#
#.#.##....# #.#.#
#.#.##....# #.#.#
#.#÷####### #.#.#
#.#.# #.#.# #.#.#
#.#.#
#.#)##########.#.#
#.#............#.#


You could see a hobgoblin (strong) and a goblin (strong).

Vanquished Creatures
  Jessica (D:2)
  A worm (D:2)
  3 endoplasms
  A giant cockroach (D:2)
  11 goblins
  4 hobgoblins
  4 jackals (D:1)
  A kobold (D:1)
  4 ball pythons (D:1)
  8 bats
  A frilled lizard (D:2)
  A rat (D:2)
40 creatures vanquished.

Notes
Turn   | Place    | Note
-------+----------+-------------------------------------------
     0 | D:1      | croobank the Human Monk began the quest for the Orb.
     0 | D:1      | Reached XP level 1. HP: 18/18 MP: 1/1
   268 | D:1      | Reached XP level 2. HP: 24/24 MP: 2/2
   840 | D:1      | Reached XP level 3. HP: 27/29 MP: 3/3
  1554 | D:2      | Noticed Jessica
  1566 | D:2      | Killed Jessica
  1567 | D:2      | Reached XP level 4. HP: 23/35 MP: 4/4
  1798 | D:2      | Noticed Robin
  1851 | D:1      | Slain by a goblin

Illustrated notes

Levels and vault maps discovered:
D:1:      dpeg_arrival_connections, layout_basic
D:2:      layout_rooms, uniq_jessica, uniq_robin

Action                   |  1- 3 |  4- 6 || total
-------------------------+-------+-------++-------
Melee: Spear             |   136 |    30 ||   166
Throw: Boomerang         |       |     3 ||     3
  Use: Scroll            |     1 |     1 ||     2
 Stab: Sleeping          |     8 |       ||     8
Armor: Robe              |    19 |     3 ||    22
Dodge: Dodged            |    74 |    28 ||   102

Table legend: (Time is in decaauts)
 A = Elapsed time spent in this place.
 B = Non-inter-level travel time spent in this place.
 C = Inter-level travel time spent in this place.
 D = Time resting spent in this place.
 E = Time spent auto-exploring this place.
 F = Levels seen in this place.
 G = Mean time per level.
                   A        B        C        D        E       F      G
               +--------+--------+--------+--------+--------+-----+--------+
         Total |   1840 |   1821 |     19 |    378 |    981 |   2 |  920.0 |
       Dungeon |   1840 |   1821 |     19 |    378 |    981 |   2 |  920.0 |
               +--------+--------+--------+--------+--------+-----+--------+

Top non-repeatable levels by time:
     D:1: 1065 daAuts
     D:2: 775 daAuts
